 Dungeon Crawl Stone Soup version 0.29-b1-12-g9e2288ab2a (webtiles) character file.

Game seed: 15482591720749034592

11 worthlessgem the Scratcher (level 2, 0/12 HPs)
             Began as a Felid Transmuter on Aug 24, 2022.
             Succumbed to a goblin's poison
             ... on level 1 of the Dungeon.
             The game lasted 00:04:20 (571 turns).

worthlessgem the Scratcher (Felid Transmuter)        Turns: 571, Time: 00:04:21

Health: 0/12       AC:  1    Str:  6    XL:     2   Next: 13%
Magic:  5/6        EV: 17    Int: 14    God:
Gold:   53         SH:  0    Dex: 16    Spells: 4/5 levels left
                                        Lives:  0   Deaths: 0

rFire   . . .      SeeInvis +     - Unarmed
rCold   . . .      Faith    .   (shield unavailable)
rNeg    . . .      Spirit   .   (body armour unavailable)
rPois   .          Reflect  .   (helmet unavailable)
rElec   .          Harm     .   (cloak unavailable)
rCorr   .          Rampage  .   (gloves unavailable)
Will    .....                   (boots unavailable)
Stlth   +.........              (no amulet)
HPRegen 0.04/turn               d - ring of flight
MPRegen 0.10/turn               (no ring)

@: lethally poisoned (0 -> -6), appendages, flying, quick
A: horns 2, very small, claws 1, fangs 3, see invisible, speed 1, shaggy fur 1,
stealthy paws, no weapons or thrown items, no armour, multi-lived
a: End Transformation


You were on level 1 of the Dungeon.
You had temporarily grown beastly horns.
You visited 1 branch of the dungeon, and saw 1 of its levels.

You collected 53 gold pieces.

Inventory:

Jewellery
 d - a ring of flight (left paw)
Scrolls
 b - a scroll of teleportation {unknown}
 c - a scroll of acquirement {unknown}
Potions
 a - a potion of lignification


   Skills:
 - Level 1.0 Fighting
 - Level 2.6 Dodging
 + Level 3.6 Unarmed Combat
 - Level 2.0 Spellcasting
 - Level 2.1 Transmutations


You had 4 spell levels left.
You knew the following spells:

 Your Spells              Type           Power      Damage    Failure   Level
a - Beastly Appendage     Tmut           14%        N/A       10%         1

Your spell library contained the following spells:

 Spells                   Type           Power      Damage    Failure   Level
 Wereblood                Tmut           7%         N/A       14%         2
 Spider Form              Tmut/Pois      4%         N/A       41%         3
 Ice Form                 Ice/Tmut       4%         N/A       83%         4


Dungeon Overview and Level Annotations

Branches:
Dungeon (1/15)

Altars:


Innate Abilities, Weirdness & Mutations

You have temporarily grown beastly horns.
You have sharp claws.
You have razor-sharp teeth.
You have supernaturally acute eyesight. (SInv)
You cover ground quickly. (Speed+)
You are covered in fur. (AC +1)
Your paws help you pounce on unaware monsters.
You are incapable of wielding weapons or throwing items.
You cannot wear armour.
You gain extra lives every three experience levels.


Message History

Found a stone staircase leading down.
The hobgoblin shouts!
You grow a pair of large bovine horns.
You scratch the hobgoblin.
The hobgoblin is heavily wounded.
The hobgoblin barely misses you.
You claw the hobgoblin!
You kill the hobgoblin!
Your transformation is almost over.
Your horns disappear.
Press: ? - help, v - describe, . - travel
Here: a gnoll, wielding a +0 flail The floor.
You now have 41 gold pieces (gained 14).
There is a stone staircase leading down here.
You see here a rat skeleton.
Found a whip.
Found 12 gold pieces.
Found a sling.
A goblin comes into view. It is wielding a +2 dagger of venom.
Found 2 bubbling dark potions.
You see here 12 gold pieces.
You now have 53 gold pieces (gained 12).
The goblin shouts!
Casting: Beastly Appendage (safe; 10% risk of failure)
Confirm with . or Enter, or press ? or * to list all spells.
You grow a pair of large bovine horns.
You scratch the goblin. Your headbutt misses the goblin.
The goblin is heavily wounded.
The goblin hits you with a +2 dagger of venom.
Found a puce potion.
You barely miss the goblin.
The goblin is heavily wounded.
The goblin hits you with a +2 dagger of venom.
You are lethally poisoned!
* * * LOW HITPOINT WARNING * * *
You feel sick.
* * * LOW HITPOINT WARNING * * *
You feel sick.
You die...

............#.....#P....
...................PPPPP
!........)..............
...#.#......#.....#PPP.P
#....#......#.....#P...P
###.).g....#.....#PPP.P
#..#......#.....##....
#.###...........##....
#. #@####..####....## #
#.###........##..# ....
#.#...#.########..
....##.......###.......
......................)
..............#........
......#................
......#......###.......
.............# #.......


You could see a goblin.

Vanquished Creatures
  A ball python (D:1)
  A bat (D:1)
  An endoplasm (D:1)
  A giant cockroach (D:1)
  2 hobgoblins (D:1)
  A quokka (D:1)
  A kobold (D:1)
  A rat (D:1)
9 creatures vanquished.

Notes
Turn   | Place    | Note
-------+----------+-------------------------------------------
     0 | D:1      | worthlessgem the Felid Transmuter began the quest for the
                  | Orb.
     0 | D:1      | Reached XP level 1. HP: 9/9 MP: 4/4
   178 | D:1      | Reached XP level 2. HP: 12/12 MP: 3/6
   571 | D:1      | Succumbed to a goblin's poison

Illustrated notes

Levels and vault maps discovered:
D:1:      minmay_arrival_shattered_statue, layout_rooms, minmay_hedge_maze,
          corexii_item_surrounded_by_moat

Action                   || total
-------------------------++-------
Melee: Unarmed           ||    30
       Bite              ||     2
       Punch             ||     1
 Cast: Beastly Appendage ||     9
Armor: Skin              ||     3
Dodge: Dodged            ||    21
